 Dungeon Crawl Stone Soup version 0.24-a0-264-gf46a388 (webtiles) character file.

Game seed: 1235307661479795533

73 FlareUmbra the Chiller (level 4, -8/32 HPs)
             Began as a Merfolk Ice Elementalist on Apr 20, 2019.
             Mangled by Crazy Yiuf
             ... wielding a +2 quarterstaff of chaos
              (13 damage)
             ... on level 2 of the Dungeon.
             The game lasted 00:16:11 (1676 turns).

FlareUmbra the Chiller (Merfolk Ice Elementalist)   Turns: 1676, Time: 00:16:12

Health: -8/32      AC:  2    Str:  8    XL:     4   Next: 27%
Magic:  6/7        EV: 12    Int: 15    God:
Gold:   72         SH:  0    Dex: 14    Spells: 4/7 levels left

rFire    . . .     SeeInvis .   i - +0 dagger
rCold    . . .     Gourm    .   (no shield)
rNeg     . . .     Faith    .   a - +0 robe
rPois    .         Spirit   .   (no helmet)
rElec    .         Reflect  .   (no cloak)
rCorr    .         Harm     .   (no gloves)
MR       .....                  (no boots)
Stlth    ++........             (no amulet)
HPRegen  0.10/turn              (no ring)
MPRegen  0.10/turn              (no ring)

@: very slightly contaminated, slowed, heavily drained, very slow
A: change form in water, swift swim, stealthy swim
a: no special abilities


You were on level 2 of the Dungeon.
You were not hungry.

You visited 1 branch of the dungeon, and saw 2 of its levels.

You collected 72 gold pieces.

Inventory:

Hand Weapons
 i - a +0 dagger (weapon)
Armour
 a - a +0 robe (worn)
Scrolls
 d - 3 scrolls of immolation {unknown}
 g - 2 scrolls of identify {unknown}
 k - a scroll of magic mapping {unknown}
 l - a scroll of remove curse {unknown}
 m - a scroll of teleportation {unknown}
Potions
 e - a potion of haste {unknown}
 f - 2 potions of lignification {unknown}
 h - a potion of flight {unknown}
 j - a potion of heal wounds {unknown}
Comestibles
 b - 8 chunks of flesh
 c - 3 rations


   Skills:
 + Level 1.1(0.0) Fighting
 + Level 3.2(1.8) Dodging
 + Level 2.2(0.8) Stealth
 - Level 0.2(0.0) Unarmed Combat
 + Level 2.3(1.0) Spellcasting
 * Level 1.0(0.0) Conjurations
 + Level 4.6(3.1) Ice Magic


You had 4 spell levels left.
You knew the following spells:

 Your Spells              Type           Power        Failure   Level  Hunger
a - Freeze                Ice            ##..         7%          1    ##.....
b - Throw Frost           Conj/Ice       #.....       21%         2    ###....

Your spell library contained the following spells:

 Spells                   Type           Power        Failure   Level  Hunger
 Ozocubu's Armour         Chrm/Ice       #.......     36%         3    ####...
 Summon Ice Beast         Ice/Summ       #.......     78%         4    #####..
 Throw Icicle             Conj/Ice       #.......     78%         4    #####..


Dungeon Overview and Level Annotations

Branches:
Dungeon (2/15)

Altars:

Annotations:
D:2 Crazy Yiuf


Message History

Crazy Yiuf hits you with a +2 quarterstaff of chaos.
Casting: Freeze (safe; 7% risk of failure)
Confirm with . or Enter, or press ? or * to list all spells.
Aiming: Freeze (safe; 7% risk of failure)
Press: ? - help, Shift-Dir - straight line, f/p - Crazy Yiuf
Aim: Crazy Yiuf, wielding a +2 quarterstaff of chaos and wearing a +0 cloak You freeze Crazy Yiuf.
Crazy Yiuf is lightly wounded.
Crazy Yiuf screams, "Goldfish snockshim mumblescurry!"
Crazy Yiuf hits you with a +2 quarterstaff of chaos!
You feel yourself slow down.
Crazy Yiuf cries, "Citrus dark horse!"
Crazy Yiuf barely misses you.
Crazy Yiuf hits you with a +2 quarterstaff of chaos.
* * * LOW HITPOINT WARNING * * *
Crazy Yiuf burns you.
* * * LOW HITPOINT WARNING * * *
Crazy Yiuf cries, "Hack childish shoe!"
Crazy Yiuf hits you with a +2 quarterstaff of chaos!
You die...

......##....# ... #....(.....
............# #'# #..........
>...##......# ♣♣.♣ #..........
.....#...#..# ♣.♣♣ #....<###+#
...#.#...#..# ♣♣.♣ #..........
...'.+...+..# ♣.♣♣ #...(...÷>#
...#.#...#..# ♣♣.♣♣ #####.....+
...#.....#..# ♣.g.♣♣ #.....#
............# ♣.@..♣ #.....#
..........### #....# ###+###
............####..## #....
...................#....# ##....
..................##....##+#.....
..........###.....##....#...##...
..........# #.....##... #...##...
..........# #.....+... +...##...
..........# #.....##.# #........


You could see Crazy Yiuf.

Vanquished Creatures
  An adder (D:2)
  2 oozes
  A worm (D:2)
  A dart slug (D:2)
  2 leopard geckos
  A giant cockroach (D:2)
  8 hobgoblins
  8 jackals
  A ball python (D:2)
  6 bats
  7 frilled lizards
  7 goblins
  A kobold (D:1)
  2 rats
48 creatures vanquished.

Notes
Turn   | Place    | Note
-------+----------+-------------------------------------------
     0 | D:1      | FlareUmbra the Merfolk Ice Elementalist began the quest for
                  | the Orb.
     0 | D:1      | Reached XP level 1. HP: 13/13 MP: 3/3
    55 | D:1      | Reached XP level 2. HP: 16/19 MP: 0/5
   141 | D:1      | Reached skill level 4 in Ice Magic
   896 | D:2      | Learned a level 2 spell: Throw Frost
   915 | D:2      | Reached XP level 3. HP: 24/24 MP: 1/6
  1403 | D:2      | Reached XP level 4. HP: 16/31 MP: 4/7
  1503 | D:2      | Reached skill level 1 in Fighting
  1551 | D:2      | Reached skill level 1 in Conjurations
  1654 | D:2      | Found a runed translucent door.
  1655 | D:2      | Noticed Crazy Yiuf
  1676 | D:2      | Mangled by Crazy Yiuf

Levels and vault maps discovered:
D:1:      dpeg_arrival_arbitrary_c, layout_rooms
D:2:      layout_basic, minmay_diced_spiral, uniq_crazy_yiuf_cottage

Skill      XL: |  1  2  3  4 |
---------------+-------------+-----
Ice Magic      | 4 |  4.6
Dodging        | 3 |  3.2
Fighting       | 1 |  1.1
Conjurations   | 1 |  1.0
Stealth        | |  2.2
Unarmed Combat | |  0.2
Spellcasting   | |  2.3

Action                   |  1- 3 |  4- 6 || total
-------------------------+-------+-------++-------
Melee: Unarmed           |    11 |       ||    11
       Dagger            |    57 |    20 ||    77
 Cast: Freeze            |    49 |    11 ||    60
       Throw Frost       |     9 |     5 ||    14
 Stab: Sleeping          |     2 |       ||     2
  Eat: Chunk             |     3 |     2 ||     5
Armor: Robe              |    34 |     4 ||    38
Dodge: Dodged            |    90 |    16 ||   106

Table legend:
 A = Non-vault XP
 B = Vault XP
 C = Vault XP percentage of total XP
 D = Non-vault monster count
 E = Vault monster count
 F = Vault count percentage of total count
                 A         B        C        D         E       F
            +---------+---------+-------+---------+---------+-------
      Total |      95 |      10 |   9.5 |      44 |       4 |   8.3
            +---------+---------+-------+---------+---------+-------
        D:1 |      34 |       0 |   0.0 |      18 |       0 |   0.0
        D:2 |      61 |      10 |  14.1 |      26 |       4 |  13.3
            +---------+---------+-------+---------+---------+-------
